 Dungeon Crawl Stone Soup version 0.19-a0-1714-gcab94ab (webtiles) character file.

1235 gottagoquickly the Grappler (level 8, 17/70 HPs)
             Began as a Troll Skald on Sept 28, 2016.
             Was an Initiate of Ashenzari.
             Quit the game on level 9 of the Dungeon.
             The game lasted 00:10:05 (1713 turns).

gottagoquickly the Grappler (Troll Skald)           Turns: 1713, Time: 00:10:06

Health: 17/70      AC:  6    Str: 21    XL:     8   Next: 24%
Magic:  8/8        EV: 12    Int: 10    God:    Ashenzari [......]
Gold:   78         SH:  0    Dex:  9    Spells: 3 memorised, 4 levels left

rFire  . . .     SeeInvis .       - Unarmed
rCold  . . .     Gourm    +     a - +0 robe
rNeg   . . .     Faith    .     (no shield)
rPois  .         Spirit   .     (helmet restricted)
rElec  .         Dismiss  .     (no cloak)
rCorr  .         Reflect  .     (gloves unavailable)
MR     .....     Harm     .     (boots unavailable)
Stlth  +.........               (no amulet)
                                (no ring)
                                p - +3 ring of evasion (curse)

@: mildly poisoned (17 -> 15)
A: unfitting armour, claws 3, fast metabolism 3, gourmand, regeneration 1,
shaggy fur 1, tough skin 2
a: Curse Item, Renounce Religion


You were on level 9 of the Dungeon.
You worshipped Ashenzari.
Ashenzari was noncommittal.
You were completely stuffed.

You visited 1 branch of the dungeon, and saw 9 of its levels.
You also visited: Sewer.

You collected 78 gold pieces.

Inventory:

Armour
 a - a +0 robe (worn)
Magical Staves
 q - an uncursed staff of wizardry
Jewellery
 n - an uncursed ring of fire
 p - a cursed +3 ring of evasion (left claw)
 y - an uncursed ring of ice
Scrolls
 e - a scroll of identify
 i - 6 scrolls of teleportation
 k - a scroll of noise {unknown}
 o - a scroll of vulnerability {unknown}
 u - a scroll of immolation {unknown}
 v - a scroll of recharging
 w - 3 scrolls of blinking
 x - a scroll of remove curse
Potions
 c - 2 potions of curing
 g - a potion of cancellation
 h - a potion of haste
 j - 2 potions of might
 m - a potion of brilliance
 s - a potion of magic
Books
 b - a book of Battle

   Spells                             Type                      Level
   a - Infusion                       Charms                       1
   b - Shroud of Golubria             Charms/Translocation         2
   c - Song of Slaying                Charms                       2
   d - Spectral Weapon                Hexes/Charms                 3
   e - Regeneration                   Charms/Necromancy            3
 t - a book of Cantrips

   Spells                             Type                      Level
   a - Confusing Touch                Hexes                        1
   b - Animate Skeleton               Necromancy                   1
   c - Summon Small Mammal            Summoning                    1
   d - Apportation                    Translocation                1
Comestibles
 d - 3 bread rations
 f - 2 beef jerkies
 l - 2 meat rations
 r - a slice of pizza
 z - 2 chunks of flesh


   Skills:
 - Level 1.5 Fighting
 - Level 1.2 Dodging
 + Level 10.1 Unarmed Combat
 - Level 1.2 Spellcasting
 - Level 2.0 Charms


You had 4 spell levels left.
You knew the following spells:

 Your Spells              Type           Power        Failure   Level  Hunger
a - Infusion              Chrm           #...         17%         1    ##.....
b - Apportation           Tloc           #.........   38%         1    ##.....
q - Regeneration          Chrm/Necr      #.........   77%         3    ####...


Dungeon Overview and Level Annotations

Branches:
Dungeon (9/15)
 Temple: D:4-7         Lair: D:8-11         Orc: D:9-12

Altars:
Ashenzari
Dithmenos
Elyvilon
Qazlal
Ru
Uskayaw


Innate Abilities, Weirdness & Mutations

You are too large for most types of armour.
You have claws for hands.
Your metabolism is lightning-fast.
You like to eat raw meat.
Your natural rate of healing is unusually fast.
You are covered in fur. (AC +1)
You have very tough skin. (AC +2)


Message History

You continue eating. x2
You finish eating.
This raw flesh tastes great.
You feel sick.
You see here a poisoned needle.
You feel sick.
You feel sick.
You feel sick.
You are no longer poisoned.
There is a stone staircase leading down here.
You climb downwards.
The killer bee stings you. x2
The killer bee completely misses you. The killer bee barely misses you.
The killer bee misses you. The killer bee closely misses you.
The killer bee barely misses you. The killer bee stings you.
You are poisoned.
The killer bee poisons you! The killer bee stings you.
* * * LOW HITPOINT WARNING * * *
The killer bee barely misses you.
There is a stone staircase leading up, spattered with blood here.
Unknown command.
Are you sure you want to abandon this character and quit the game? (Confirm with "yes".)

##############
.............
. .........
...
#.y.y#.....
#.y@.....#
#.y####..# #..
#.. #.. #..
#.. ≈.≈


You could see 4 killer bees.

Vanquished Creatures
  2 yaks
  A centaur (D:6)
  A big kobold (D:8)
  3 bullfrogs
  A scorpion (D:6)
  2 killer bees (D:8)
  A hound (D:7)
  An orc priest (D:8)
  A centaur skeleton (D:6)
  An orc wizard (D:6)
  A worker ant (D:6)
  4 gnolls (D:3)
  11 adders
  9 river rats (Sewer)
  2 oozes (Sewer)
  A worm (D:2)
  3 leopard geckos
  13 orcs
  A bat (D:2)
  3 giant cockroaches (D:6)
  3 goblins (D:3)
  4 hobgoblins
  5 kobolds
  A quokka (D:6)
  11 ball pythons
  3 frilled lizards
  A jackal skeleton (D:6)
  A quokka zombie (D:7)
  21 rats
112 creatures vanquished.

Notes
Turn   | Place    | Note
-------+----------+-------------------------------------------
     0 | D:1      | gottagoquickly the Troll Skald began the quest for the Orb.
     0 | D:1      | Reached XP level 1. HP: 19/19 MP: 1/1
   142 | D:2      | Reached XP level 2. HP: 19/27 MP: 2/2
   170 | D:3      | Reached skill level 3 in Unarmed Combat
   180 | D:3      | Reached XP level 3. HP: 15/33 MP: 0/3
   197 | D:2      | HP: 3/33 [adder (3)]
   199 | D:2      | Reached skill level 4 in Unarmed Combat
   325 | D:3      | Reached XP level 4. HP: 37/41 MP: 4/4
   516 | D:5      | Entered Level 5 of the Dungeon
   556 | D:6      | Reached skill level 5 in Unarmed Combat
   597 | D:6      | Reached XP level 5. HP: 48/48 MP: 5/5
   637 | D:6      | Found a shattered altar of Ashenzari.
   644 | D:6      | Became a worshipper of Ashenzari the Shackled
   709 | D:6      | Reached skill level 6 in Unarmed Combat
   730 | D:6      | Found a stormy altar of Qazlal.
   757 | D:6      | Noticed a centaur
   763 | D:6      | Killed a centaur
   763 | D:6      | Reached XP level 6. HP: 41/55 MP: 6/6
   802 | D:6      | Found a glowing drain.
   821 | Sewer    | Entered a sewer
   897 | Sewer    | Reached skill level 7 in Unarmed Combat
  1075 | Sewer    | Reached XP level 7. HP: 26/62 MP: 7/7
  1087 | Sewer    | Reached skill level 8 in Unarmed Combat
  1301 | D:6      | Learned a level 3 spell: Regeneration
  1303 | D:6      | Learned a level 1 spell: Apportation
  1452 | D:8      | Found a shadowy altar of Dithmenos.
  1452 | D:8      | Identified the Handbook of Icy Talismans
  1562 | D:9      | Noticed a yak
  1562 | D:9      | Noticed a yak
  1562 | D:9      | Noticed a yak
  1563 | D:9      | Noticed a yak
  1563 | D:9      | Noticed a yak
  1563 | D:9      | Noticed a yak
  1569 | D:9      | Killed a yak
  1569 | D:9      | Reached skill level 9 in Unarmed Combat
  1578 | D:8      | Killed a yak
  1578 | D:8      | Reached XP level 8. HP: 30/70 MP: 8/8
  1649 | D:8      | Found a white marble altar of Elyvilon.
  1649 | D:8      | Found a hide-covered altar of Uskayaw.
  1649 | D:8      | Found a sacrificial altar of Ru.
  1658 | D:8      | Reached skill level 10 in Unarmed Combat
  1713 | D:9      | Quit the game

Vault maps used:
D:1:      lightli_arrival_statue_moat
D:2:      first_bread, minmay_shallow_snake_nest, uniq_robin
D:3:      lemuel_round_altar
D:4:      elyvilon_altar_5, uniq_edmund, uniq_menkaure
D:5:      uniq_crazy_yiuf_cottage
D:6:      grunt_qazlal_sundering, marbit_many_paths, kennysheep_mini_moat,
          portal_sewer_entry_f
D:8:      nicolae_dithmenos_shadow_blocks, gammafunk_temple_overflow_claw,
          hangedman_little_slice_of_home
D:9:      grunt_temple_overflow_growth_and_decay, vehumet_statue,
          lemuel_doored_altar, orc_0_dummy, serial_shops, shop,
          roderic_lattice_a, minmay_misc_feat_x, kennysheep_crisscross,
          nrook_mini_vaults
Sewer:    sewer_minmay_w

Skill      XL: |  1  2  3  4  5  6  7  8 |
---------------+-------------------------+-----
Unarmed Combat | 3 4 5 6 7 9 10 | 10.1
Fighting       | |  1.5
Dodging        | |  1.2
Spellcasting   | |  1.2
Charms         | |  2.0

Action                   |  1- 3 |  4- 6 |  7- 9 || total
-------------------------+-------+-------+-------++-------
Melee: Unarmed           |    56 |   142 |    87 ||   285
       Punch             |       |     2 |     5 ||     7
Invok: Curse Item        |       |     1 |       ||     1
  Use: Potion            |     2 |     6 |       ||     8
       Scroll            |       |     2 |     3 ||     5
  Eat: Chunk             |       |    15 |     7 ||    22
Armor: Robe              |    18 |    98 |    48 ||   164
Dodge: Dodged            |    21 |   168 |    93 ||   282
